[Event "5th Vera Menchik Memorial 2022"]
[Site "Prag"]
[Date "2022.06.05"]
[Round "6.10"]
[White "Rusnak, Jan"]
[Black "Vybiral, Zdenek"]
[Result "0-1"]
[ECO "B22"]
[WhiteElo "1985"]
[BlackElo "2167"]
[Annotator "TA"]
[PlyCount "68"]
[EventDate "2022.06.05"]
[EventType "tourn"]
[EventCountry "CZE"]
[SourceTitle "playchess.com"]
[Source "ChessBase"]
[SourceQuality "1"]
[TimeControl "720+3"]

1. e4 c5 2. c3 e6 3. d4 d5 4. exd5 exd5 5. Nf3 a6 6. Be3 c4 {[%emt 0:00:02] B22: Sicilian: 2 c3.} 7. Be2 Bd6 8. O-O Nf6 {[%emt 0:00:04] [#] The position is equal.} 9. a4 $146 ({Predecessor:} 9. Ne5 O-O 10. Re1 Qc7 11. Bf4 Nbd7 12. Nxd7 Bxd7 13. Bxd6 Qxd6 14. Nd2 b5 15. Nf3 {½-½ (44) Karahaliou,E (2058)-Yildiz Kadioglu,B (2061) Varna 2002}) 9... Nc6 10. b3 cxb3 11. Qxb3 h6 12. h3 O-O 13. Bd3 Re8 14. Nbd2 Na5 15. Qc2 Bd7 16. Nb3 (16. Rfc1 $15) 16... Rc8 (16... Nc4 $17 17. Bxc4 dxc4) 17. Rfb1 (17. Nxa5 $11 Qxa5 18. Rfc1) 17... Nc4 $17 {[%emt 0:01:41] Black is more active.} 18. Bxc4 Rxc4 19. Nbd2 Rc7 20. Qb3 (20. Ne5 $15) 20... Qc8 $1 $19 {[%emt 0:04:52][%cal Od7h3] Hoping for ...Bxh3!} 21. Rc1 {[%emt 0:00:02] [#]} (21. Ne5 {was worth a try.}) 21... b5 $2 (21... Bxh3 $1 $19 {[%cal Oc7e7][%mdl 512] ...Rce7! is the strong threat.} 22. c4 (22. Qd1 Bg4) 22... dxc4 23. Rxc4 Qg4) 22. a5 $2 {[%emt 0:01:31][%mdl 8192] [#] This costs White the game.} (22. axb5 $15 Bxb5 23. Ne5) 22... Bf5 (22... Bxh3 $142 $1 {[%cal Oc7e7][%mdl 512] White must now prevent ...Rce7!} 23. Ne1 (23. Qd1 Bg4) 23... Be6) 23. Nf1 (23. Ne5 $142) 23... Bd3 ({Black should play} 23... Bxh3 $19 24. Ne5 Be6) 24. Bd2 (24. Ne5 $17 Bxf1 25. Kxf1) 24... Bc4 25. Qb2 Be2 {[%emt 0:00:38] aiming for ...Bxf3. This bishop pair is nice.} 26. Re1 $2 (26. Ne5) 26... Bxf3 27. Rxe8+ Nxe8 28. gxf3 Qxh3 29. Re1 Nf6 30. Qc1 Qxf3 {[%emt 0:00:11] And now ...Qg4+ would win.} 31. Bxh6 (31. Qd1 $142 Qd3 32. f3) 31... Qg4+ 32. Ng3 Bxg3 33. fxg3 Qxg3+ 34. Kf1 Qh3+ {[%emt 0:00:01] Weighted Error Value: White=0.90/Black=0.49} (34... Rxc3 $142 35. Qxc3 Qxc3 36. Be3 Ng4 37. Re2 Nxe3+ 38. Kf2 Ng4+ 39. Kg2 Qxd4 40. Re8+ Kh7 41. Kf3 f5 42. Ke2 b4 43. Re7 b3 44. Re8 Qf2+ 45. Kd1 Qc2+ 46. Ke1 b2 47. Rh8+ Kxh8 48. Kf1 b1=Q#) 0-1

[Event "5th Vera Menchik Memorial 2022"]
[Site "Prag"]
[Date "2022.06.05"]
[Round "6.11"]
[White "Kulovana, Eva"]
[Black "Vranova, Zdenka"]
[Result "1-0"]
[ECO "C42"]
[WhiteElo "2173"]
[BlackElo "1971"]
[Annotator "TA"]
[PlyCount "93"]
[EventDate "2022.06.05"]
[EventType "tourn"]
[EventCountry "CZE"]
[SourceTitle "playchess.com"]
[Source "ChessBase"]
[SourceQuality "1"]
[TimeControl "720+3"]

1. e4 e5 2. Nf3 Nf6 3. Nxe5 d6 4. Nf3 Nxe4 5. Nc3 Nf6 6. d4 d5 {[%emt 0:00:01] C42: Petroff Defence: 3 Nxe5 and unusual White 3rd moves.} 7. Bd3 Be7 8. O-O O-O {[%emt 0:00:03] White is slightly better.} 9. h3 Nbd7 10. Bf4 c6 11. Ne2 Re8 {[%emt 0:00:08] [#]} 12. b3 $146 ({Predecessor:} 12. Ne5 Ne4 13. Ng3 Nxg3 14. fxg3 Nf6 15. g4 Bd6 16. g5 Bxe5 17. Bxe5 Ne4 18. Qh5 {1-0 (41) Papargiriou,A (2114)-Dritsoula,E (1837) Aghios Kirykos 2011}) 12... Nf8 13. c4 Be6 14. Qc2 Qc8 15. Rac1 h6 16. Bg3 {[%emt 0:00:56] White is more active.} Qd8 17. Nf4 g5 (17... Bb4 $14) 18. Nxe6 $16 Nxe6 19. Rfd1 (19. Rce1 $16) 19... Nh5 (19... Bd6 $14) 20. Qb2 ({White should try} 20. Bh7+ $16 Kg7 21. Be5+ Bf6 22. Bf5) 20... Nef4 21. Bb1 {[%emt 0:00:50] next Bxf4 is good for White.} Bf6 22. Re1 Nxg3 23. fxg3 Nh5 24. Qc2 {[%emt 0:00:33] aiming for Qh7+.} Bg7 25. Qf2 Qd6 26. Kh2 a5 27. Rf1 {[%emt 0:00:16] [#]} (27. Bd3 $11) 27... Re7 (27... Re2 $1 $17 28. Qxe2 Nxg3) 28. Rce1 Rae8 29. Ne5 $36 {[%emt 0:00:28][%mdl 2048] Threatens to win with Qf5. White is pushing.} Bxe5 $4 {[%emt 0:00:25][%mdl 8192] Black cannot hold the game after this.} (29... Nf6 $11) 30. dxe5 $18 Qd7 31. Qc2 {[%emt 0:00:12] Intending Qh7+ and mate.} f5 32. Rxf5 dxc4 33. bxc4 Rd8 34. Rf2 {[%emt 0:00:07] And now Qg6+ would win.} Qd4 35. Qg6+ Rg7 36. Qe6+ Kh8 37. Qxh6+ Kg8 38. Rf3 (38. Qe6+ $142 Kh8 39. Ref1 Nf4 40. gxf4 g4 41. hxg4 Qd7 42. Qh6+ Kg8 43. Bf5 Qxf5 44. gxf5) 38... Nxg3 39. Rxg3 Qf4 40. Ree3 Re8 41. Qf6 {[%emt 0:00:03] Black must now prevent Bf5. White is clearly winning.} Rf8 42. Qe6+ Qf7 43. Qxf7+ Rfxf7 44. Bc2 Re7 45. Bb3 c5 46. Ba4 b6 47. Bc6 {[%emt 0:00:06] Weighted Error Value: White=0.43/Black=0.71} 1-0

[Event "5th Vera Menchik Memorial 2022"]
[Site "Prag"]
[Date "2022.06.05"]
[Round "6.12"]
[White "Minbayev, Bolatbek"]
[Black "Vrana, Frantisek"]
[Result "1-0"]
[ECO "B01"]
[WhiteElo "2078"]
[BlackElo "2213"]
[Annotator "TA"]
[PlyCount "89"]
[EventDate "2022.06.05"]
[EventType "tourn"]
[EventCountry "CZE"]
[SourceTitle "playchess.com"]
[Source "ChessBase"]
[SourceQuality "1"]
[TimeControl "720+3"]

1. e4 d5 2. exd5 Qxd5 3. Nc3 Qa5 4. d4 Nf6 5. Nf3 Bf5 6. Bd2 c6 7. Bc4 e6 8. O-O Nbd7 9. h3 Bb4 10. Re1 O-O {[%emt 0:00:17] B01: Scandinavian Defence.} 11. a3 Bxc3 12. Bxc3 Qc7 {[%emt 0:00:08] The position is equal.} 13. Qe2 Rfe8 14. Bd3 Bxd3 15. Qxd3 Rad8 {[%emt 0:00:18] [#]} 16. Rad1 $146 ({Predecessor:} 16. Qe2 h6 17. Ne5 Nxe5 18. Qxe5 Qxe5 19. dxe5 Nd5 20. Bd4 Nb6 21. Bxb6 axb6 {½-½ (42) Sakamoto,R (1758)-Hoshino,K (1656) Sao Paulo 2013}) 16... Nc5 17. Qc4 Nce4 18. Bd2 Nd6 {[%emt 0:00:34] Pair of Knights!} 19. Qb3 Nf5 20. Bg5 Qb6 21. Qd3 Rd5 22. Bxf6 gxf6 23. Re4 (23. c4 $14 Rd7 24. Qc3) 23... Ne7 (23... Qxb2 $15 24. Ree1 Ra5) 24. Rg4+ Ng6 25. c4 Rh5 26. b4 Kh8 27. Qc3 Qd8 {[%emt 0:00:21] Inhibits d5.} 28. Nd2 Qe7 (28... f5 $11 29. Rg3 f6) 29. Rg3 (29. Ne4 $16) 29... Kg8 30. Re1 Qd8 31. Ne4 {[%emt 0:00:01][%cal Od4d5] Hoping for d5! White is more active.} f5 32. Nc5 $36 {[%emt 0:00:01][%mdl 2048] Black is under pressure.} b6 33. Nd3 Rh4 34. f4 Kf8 35. Rf3 (35. d5 {is interesting.} cxd5 36. cxd5 exd5 37. Rxe8+ Kxe8 38. Rg5) 35... Qc7 36. Ne5 Nxe5 (36... Rd8 $11 {keeps the balance.}) 37. Rxe5 $16 Rd8 {[%emt 0:00:17] [#]} 38. Qe1 (38. a4 $1 $16) 38... Rh6 39. Rd3 Rg6 40. d5 (40. Qd2 $14) 40... cxd5 $11 41. cxd5 Qc4 42. Rd1 (42. Qd2 $11) 42... Qxf4 $17 43. dxe6 $2 (43. Qe2 $17) 43... Rxd1 $19 44. e7+ Ke8 $4 {[%emt 0:00:03][%mdl 8192] [#]} (44... Kg7 $19 45. Qxd1 Qxe5) 45. Qxd1 {[%emt 0:00:20] Weighted Error Value: White=0.47/Black=0.39} 1-0

[Event "5th Vera Menchik Memorial 2022"]
[Site "Prag"]
[Date "2022.06.05"]
[Round "6.13"]
[White "Pecka, Jan"]
[Black "Haman, Jakub"]
[Result "1/2-1/2"]
[ECO "B51"]
[WhiteElo "1863"]
[BlackElo "2229"]
[Annotator "TA"]
[PlyCount "121"]
[EventDate "2022.06.05"]
[EventType "tourn"]
[EventCountry "CZE"]
[SourceTitle "playchess.com"]
[Source "ChessBase"]
[SourceQuality "1"]
[TimeControl "720+3"]

1. e4 c5 2. Nf3 d6 3. Bb5+ Nc6 4. O-O Bd7 5. c3 Nf6 6. Re1 a6 7. Bf1 e5 8. d4 {[%emt 0:00:02] B51: Sicilian: Moscow Variation (3 Bb5+) without 3...Bd7.} Be7 (8... cxd4 $14 9. cxd4 Rc8) 9. a4 {[%emt 0:00:24] [#]} ({White should try} 9. d5 $16) 9... b6 $146 ({Predecessor:} 9... cxd4 10. cxd4 Bg4 11. d5 Nd4 12. Be3 Nxf3+ 13. gxf3 Bh5 14. Qb3 O-O 15. Bh3 Nd7 16. Qxb7 {1-0 (49) Musyuk,L (2278)-Rodrigue Lemieux,S (2263) Corum 2019}) 10. Na3 {[%emt 0:00:04] White is slightly better.} O-O 11. dxe5 (11. d5 $5 ) 11... dxe5 (11... Nxe5 $14 12. Nc4 Nxf3+ 13. Qxf3 b5 14. axb5 axb5 15. Rxa8 Qxa8) 12. Nc4 $16 Qc7 {[%emt 0:00:18] [#]} 13. Nfxe5 $1 Nxe5 14. Bf4 Nfg4 ({Black should play} 14... Bxa4 15. Bxe5 (15. Rxa4 Rfd8 $16) (15. Qxa4 Nf3+ 16. gxf3 Qxf4 $14) 15... Qxe5) 15. Nxe5 {[%emt 0:00:19][%mdl 64] Remove Defender} Nxe5 16. Bxe5 {[%emt 0:00:03][%mdl 64] Remove Defender} Qxe5 17. Qxd7 Rfd8 18. Qf5 Qxf5 19. exf5 Kf8 20. Rad1 a5 21. Bc4 {[%emt 0:00:46] White is more active.} Rxd1 22. Rxd1 {[%emt 0:00:01][%mdl 4096] Endgame KRB-KRB} Rd8 23. Bd5 Bf6 24. Rd2 (24. g3 $16) 24... Bg5 $14 25. Rd3 Bc1 26. b3 Bb2 27. c4 Bd4 28. Kf1 Re8 29. f3 Re5 30. Be4 f6 31. Rd2 h6 32. Re2 Re7 33. Bc2 Rxe2 34. Kxe2 {[%emt 0:00:00] KB-KB} Ke7 35. Kd3 Kd6 36. Ke4 Bg1 37. h3 Bh2 38. f4 Bg3 39. Kf3 Be1 40. Be4 Bd2 41. Bd5 Bc1 42. Kg4 Ke7 43. g3 Bd2 44. Kh5 Be1 45. g4 (45. Kh4 $1 $14) 45... Bd2 $11 46. Kg6 Kf8 47. g5 fxg5 48. f6 gxf6 49. Kxf6 Bxf4 50. Bf7 Be3 51. Bh5 Bd4+ 52. Ke6 Kg7 53. Kd6 Bc3 54. Ke6 {[%emt 0:00:06] The position is equal.} Bb4 55. Be8 Kf8 56. Bh5 Kg7 57. Be8 Bc3 58. Bh5 Be1 59. Be8 Bg3 60. Bh5 Bf2 61. Ke5 {[%emt 0:00:00] Weighted Error Value: White=0.12 (very precise) /Black=0.09 (flawless)} 1/2-1/2

[Event "5th Vera Menchik Memorial 2022"]
[Site "Prag"]
[Date "2022.06.05"]
[Round "6.14"]
[White "Soural, Jan"]
[Black "Hozda, Max"]
[Result "1-0"]
[ECO "D11"]
[WhiteElo "2140"]
[BlackElo "1832"]
[Annotator "TA"]
[PlyCount "132"]
[EventDate "2022.06.05"]
[EventType "tourn"]
[EventCountry "CZE"]
[SourceTitle "playchess.com"]
[Source "ChessBase"]
[SourceQuality "1"]
[TimeControl "720+3"]

1. d4 d5 2. c4 c6 3. Nf3 Nf6 4. g3 Bf5 5. Nc3 e6 6. Nh4 {[%emt 0:00:03] D11: Slav Defence: 3 Nf3 sidelines and 3...Nf6 4 e3 Bg4.} Bg6 7. Nxg6 hxg6 8. cxd5 {[%emt 0:00:08] White has an edge.} cxd5 {[%emt 0:00:37] [#]} 9. Qb3 $146 ({Predecessor:} 9. Bg2 Nc6 10. a3 Bd6 11. e3 O-O 12. O-O a6 13. b4 b5 14. e4 Bc7 15. exd5 Nxd5 16. Nxd5 exd5 {0-1 (58) Amicone,R (1828)-Veliz,A (2085) Villa Ballester 2019}) 9... Qd7 10. e3 Nc6 11. Be2 Bd6 12. Bd2 Rc8 13. Rc1 O-O 14. O-O Na5 15. Qb5 {[%emt 0:00:39] [#] aiming for Qxd7.} Nc4 (15... Nc6 $11) 16. Qxd7 Nxd7 17. Bxc4 Rxc4 (17... dxc4 $11 18. a3 Rfd8) 18. Nb5 $16 Bb8 19. Rxc4 dxc4 20. Na3 Rc8 21. Rc1 Nb6 22. Ba5 Nd5 23. Rxc4 Rxc4 24. Nxc4 {[%emt 0:00:01][%mdl 4096] Endgame KBN-KBN} b5 25. Na3 a6 26. Nc2 Bc7 27. Bxc7 Nxc7 $18 {[%emt 0:00:01] KN-KN} 28. Nb4 Kf8 29. Kf1 Ke7 30. Ke2 Kd6 31. e4 f6 (31... a5 {was necessary.}) 32. f4 a5 33. Nd3 Na6 34. Ke3 Nb8 35. g4 Nd7 36. Ne1 Nb6 37. b3 {[%emt 0:00:01] Inhibits Nc4+.} (37. Kd3 $142) 37... Nc8 (37... f5 $16) 38. Nf3 Ne7 39. Nh4 f5 40. h3 a4 41. bxa4 bxa4 42. a3 Kc6 $2 (42... fxe4 $16 43. Kxe4 Nd5) 43. Kd3 {[%emt 0:00:05][%cal Od4d5] d5+! is the strong threat.} Kb5 (43... fxe4+ {was worth a try.} 44. Kxe4 Kd6) 44. e5 Kc6 45. Ng2 $2 (45. Kc4 $18 {Strongly threatening Kd3.} Kb6 46. d5 fxg4 47. hxg4 (47. d6 Nc6 $16)) 45... Nd5 $11 46. Kc4 g5 $2 (46... Kb6 $11) 47. gxf5 $2 (47. fxg5 $18 {And now gxf5 would win.} f4 48. Nh4) 47... exf5 $2 (47... gxf4 $11 48. Nh4 (48. fxe6 $2 f3 $19) 48... Ne3+ 49. Kc3 exf5) 48. fxg5 $18 f4 49. Ne1 Ne3+ 50. Kd3 Kd5 51. h4 Nf5 52. Nf3 g6 53. e6 Kxe6 54. Ke4 Kd6 55. Ne5 (55. Kxf4 $142 Ne7 56. Kg4) 55... f3 56. Nxf3 Ke6 57. Kf4 (57. d5+ $142 Kf7 58. Ke5) 57... Kd5 58. Kg4 (58. h5 $142 Ng7 59. hxg6) 58... Ne3+ 59. Kg3 {[%emt 0:00:02] Threatens to win with Ne5.} Nc4 {[%emt 0:00:02] Prevents Ne5.} 60. Ne5 $2 (60. h5 $18 {and White stays clearly on top.} gxh5 61. g6) 60... Nxa3 $16 {[%emt 0:00:02] [#]} 61. Nxg6 ({White should play} 61. h5 $1 $16 Nb5 62. h6 (62. Nxg6 a3 $11) (62. hxg6 Nxd4 63. Kg4 Ne6 $11)) 61... Nb5 $11 62. Nf4+ Ke4 63. g6 {[%emt 0:00:00] White threatens g7 and mate.} a3 $2 (63... Nxd4 $11 64. Ne2 Nf5+ 65. Kh3 (65. Kg4 Ke5 $11) 65... Ke5) 64. g7 {[%emt 0:00:00] White mates.} a2 65. g8=Q a1=Q 66. Qe6+ Kxd4 {[%emt 0:00:09] Weighted Error Value: White=0.30/Black=0.56} 1-0

[Event "5th Vera Menchik Memorial 2022"]
[Site "Prag"]
[Date "2022.06.05"]
[Round "6.15"]
[White "Stejskal, Michal"]
[Black "Brejnik, Gustav"]
[Result "0-1"]
[ECO "B11"]
[WhiteElo "1850"]
[BlackElo "2246"]
[Annotator "TA"]
[PlyCount "44"]
[EventDate "2022.06.05"]
[EventType "tourn"]
[EventCountry "CZE"]
[SourceTitle "playchess.com"]
[Source "ChessBase"]
[SourceQuality "1"]
[TimeControl "720+3"]

1. e4 c6 2. Nf3 d5 3. Nc3 Bg4 4. h3 Bxf3 5. Qxf3 e6 6. exd5 {[%emt 0:00:12] B11: Caro-Kann: Two Knights Variation.} exd5 (6... cxd5 $11 7. Bb5+ Nc6) 7. d4 $14 Bd6 {[%emt 0:00:14] Inhibits Qg3.} 8. Bd3 {[%emt 0:00:12] White is slightly better.} Ne7 9. O-O {[%emt 0:00:50] [#]} Nd7 $146 ({Predecessor:} 9... Bc7 10. Bf4 Nd7 11. Bxc7 Qxc7 12. Bf5 O-O-O 13. Bxd7+ Qxd7 14. Qxf7 Rhg8 15. Qf3 Rdf8 {0-1 (34) Vassiliou,L (1339)-Mader,F (1521) Playchess.com INT 2020}) 10. Re1 O-O 11. Bg5 h6 12. Bh4 Re8 13. Re2 Nf8 14. Rae1 Ne6 (14... Qd7 $1 $11 {keeps the balance.}) 15. Qg4 $1 $16 {[%emt 0:00:39] aiming for Rxe6.} Nf4 {[%emt 0:01:58] [#]} 16. Re3 (16. Bf6 $1 $16 Nfg6 17. Bxg6 fxg6 18. Qe6+ (18. Bxe7 Rxe7 19. Qxg6 Qd7 $16) 18... Kh8 19. Be5 (19. Bxe7 Rxe7 20. Qxg6 Rxe2 $16)) 16... Nxd3 $4 {[%emt 0:00:41][%mdl 8192] [#]} (16... h5 $1 $14 17. Qf3 Nxd3 18. cxd3 Qd7) 17. Rxd3 $2 {[%emt 0:00:09] [#]} (17. Bf6 $1 $18 g6 18. cxd3) 17... Nf5 $17 18. Rxe8+ Qxe8 19. Rd1 {[%emt 0:00:02] Prevents Qe1+.} ({White should play} 19. f4 Qe6 20. Bf2) 19... Qe6 $40 {[%emt 0:00:09][%mdl 128] Black has strong attack.} 20. Nb1 (20. Bg3 $17) 20... g6 (20... Nxh4 $142 21. Qxh4 Re8) 21. Nd2 $2 (21. Bg3 {nothing else works.}) 21... h5 $19 22. Qg5 Be7 {[%emt 0:00:11] Weighted Error Value: White=0.67/Black=0.44} 0-1

[Event "5th Vera Menchik Memorial 2022"]
[Site "Prag"]
[Date "2022.06.05"]
[Round "6.16"]
[White "Hrbek, Tomas"]
[Black "Pascucci, Marco"]
[Result "0-1"]
[ECO "A65"]
[WhiteElo "1947"]
[BlackElo "2155"]
[Annotator "TA"]
[PlyCount "102"]
[EventDate "2022.06.05"]
[EventType "tourn"]
[EventCountry "CZE"]
[SourceTitle "playchess.com"]
[Source "ChessBase"]
[SourceQuality "1"]
[TimeControl "720+3"]

1. d4 Nf6 2. c4 c5 3. d5 e6 4. Nc3 exd5 5. cxd5 g6 6. e4 d6 7. Bg5 Bg7 8. Bc4 {[%emt 0:00:03] A65: Modern Benoni: 6 e4.} O-O 9. Nge2 h6 {[%emt 0:00:05] [#]} 10. Bf4 $146 {[%emt 0:00:48] The position is equal.} ({Predecessor:} 10. Bh4 a6 11. a4 b6 12. O-O Re8 13. Qc2 g5 14. Bg3 Nh5 15. Rfe1 Nxg3 16. Nxg3 {0-1 (41) Deulofeu Peramarch,E (1472)-Dilme Bosch,E (1957) Palafrugell 2017}) 10... Na6 (10... Nh5 $11) 11. O-O Nc7 12. Ng3 a6 13. a4 {[%emt 0:00:01] Prevents b5.} b6 14. Qd2 Kh7 (14... g5 $11 15. Be3 Ng4) 15. Rae1 Rb8 16. Ba2 b5 {[%emt 0:00:10] [#]} (16... Ng4 $1 $11 {was preferrable.}) 17. Bxd6 $1 $14 Qxd6 18. e5 Qd8 {[%emt 0:00:24] Threatens to win with ...Ng4.} 19. exf6 Bxf6 20. axb5 (20. Nge4 $5 ) 20... Nxb5 21. Nce4 Bd4 22. Ne2 Bb7 (22... Bg7 $11) 23. Nxd4 cxd4 24. Qf4 ({White should play} 24. Bc4 $16) 24... f5 $2 (24... Rc8 $1 $11) 25. Nc5 $18 Bxd5 26. Bxd5 {[%emt 0:00:07] Black must now prevent Bc4.} Qxd5 (26... Rc8 $142 27. Na4 Rc7) 27. Re7+ {[%emt 0:00:06][%mdl 64] Deflection} Kg8 {[%emt 0:00:46] [#]} 28. Qxh6 $1 Rf7 {[%emt 0:00:01] [#] Prevents Rg7+.} 29. Nd7 (29. Rfe1 $142 $1 Qd6 (29... Rxe7 30. Rxe7) 30. Rxf7 Kxf7 31. Qh7+ Kf8 32. Ne6+ Ke8 33. Qg7 Qe7 34. Nc7+ $1 Kd7 35. Qxe7+ Kc8 36. Nxa6 Rb6 37. Rc1+ Rc6 38. Rxc6+ Nc7 39. Rxc7#) 29... Qxd7 30. Rxd7 (30. Qxg6+ $142 Kh8 31. Qh5+ Kg7 32. Qxf7+ Kh6 33. Qh7+ Kg5 34. f4+ Kg4 35. Qh3#) 30... Rxd7 31. Qxg6+ Kh8 32. Qh6+ Kg8 33. Qe6+ Rf7 34. Rc1 {[%emt 0:00:08] aiming for Rc5.} Rbf8 35. Rc6 d3 36. Rc1 $2 (36. Qe3 $18) 36... Nd4 $11 37. Qg6+ Rg7 38. Qxa6 {[%emt 0:00:01] Strongly threatening Qc4+.} Ne2+ 39. Kf1 Nxc1 {[%emt 0:00:01] Dancing on a razor blade. Active counter play!} 40. Ke1 (40. Qc4+ $11 {remains equal.} Kh7 41. Qxc1) 40... Rxg2 (40... Kh7 $17 41. Qd6 Rgf7) 41. Qe6+ (41. Kf1 $1 $11 Rg4 42. h3) 41... Kg7 $15 {[%emt 0:00:06] And now ...Rf6 would win.} 42. Qe5+ Rf6 43. Qc7+ $2 {[%emt 0:00:02] [#]} (43. Kf1 $15 d2 44. Qe7+ Kg6 45. Qd8 Rxh2 46. Qxd2) 43... Kg6 $2 ({Better is} 43... Rf7 $1 $19 44. Qe5+ Kh7) 44. Qd8 {[%emt 0:00:05][%mdl 8192] [#]} (44. Kf1 $11 d2 45. Qd8 Rxh2 46. Qxd2) 44... Re6+ $2 (44... Rg1+ $1 $19 45. Kd2 Nb3+ 46. Kc3 d2 47. Qg8+ Kh6 48. Qxg1 Rc6+ 49. Kb4 Rc1) 45. Kd2 $2 (45. Kf1 $11 Rg4 46. Qg8+ Kf6 47. Qd8+ Kg7 48. Qd7+ Kf6 49. Qd8+ Re7 50. Qf8+ Rf7 51. Qh6+ Ke5 52. Qxc1) 45... Rxf2+ $19 46. Kc3 Rfe2 {[%emt 0:00:13] Hoping for ...Rc6+.} 47. Qg8+ Kf6 48. Qh8+ Ke7 49. Qh4+ Kd7 {[%emt 0:00:02] ( -> ...Rc2+)} 50. Qa4+ Rc6+ 51. Kd4 Re4+ {[%emt 0:00:01] Never resign too early!  Weighted Error Value: White=1.12/Black=0.86} 0-1

[Event "5th Vera Menchik Memorial 2022"]
[Site "Prag"]
[Date "2022.06.05"]
[Round "7.1"]
[White "Plat, Vojtech"]
[Black "Mladek, Richard"]
[Result "1/2-1/2"]
[ECO "C84"]
[WhiteElo "2547"]
[BlackElo "2361"]
[Annotator "TA"]
[PlyCount "132"]
[EventDate "2022.06.05"]
[EventType "tourn"]
[EventCountry "CZE"]
[SourceTitle "playchess.com"]
[Source "ChessBase"]
[SourceQuality "1"]
[TimeControl "720+3"]

1. e4 e5 2. Nf3 Nc6 3. Bb5 a6 4. Ba4 Nf6 5. d4 exd4 6. O-O Be7 7. Re1 b5 8. e5 Nxe5 9. Nxe5 bxa4 10. Qxd4 O-O 11. Nc3 Bb7 {[%emt 0:01:00] C84: Closed Ruy Lopez: Unusual White 6th moves.} ({Better is} 11... a3) 12. Qxa4 $11 d5 13. Bg5 {[%emt 0:00:29] [#]} h6 $146 {[%emt 0:00:56] White is slightly better.} ({Predecessor:} 13... d4 14. Rad1 c5 15. Nc6 Bxc6 16. Qxc6 Rb8 17. Na4 Qd6 18. Qxd6 Bxd6 19. Bxf6 gxf6 {½-½ (36) Lacina,A (2160)-Lengyel,B (2440) Ceske Budejovice 1993}) 14. Bh4 {[%emt 0:00:28] White is much more active. The black rooks are badly placed.} (14. Bxf6 $5 Bxf6 15. Nd7 $16) 14... Ne4 15. Nxe4 dxe4 16. Rad1 Qe8 17. Qxe8 Rfxe8 18. Bxe7 Rxe7 19. Nd7 f5 (19... Bc6 $5 20. Nc5 a5 $11) 20. Nc5 Bc6 21. Nb3 Kf7 22. Nd4 Bd7 23. c4 Rb8 24. b3 g6 25. f3 $1 c5 26. Nc2 Bc6 27. f4 ({Reject} 27. Rd6 Re6 28. Rxe6 Kxe6 $15) 27... g5 28. Ne3 Kf6 ({Black should try} 28... gxf4 $11 29. Nxf5 Re6) 29. Rf1 $14 {[%emt 0:00:42] [#] Threatens to win with fxg5+.} ({Don't play} 29. Rd6+ Re6 30. Rxe6+ (30. fxg5+ hxg5 31. Red1 f4 $15) 30... Kxe6 $11) 29... g4 (29... gxf4 $2 30. Rxf4 Rd7 31. Rxf5+ Ke6 32. Rxd7 Bxd7 33. Rxc5 $18) 30. Rd6+ Re6 31. Rfd1 $36 {[%emt 0:00:01][%mdl 2048] White fights for an advantage.} a5 32. Rd8 (32. Kf2 $14) 32... Rxd8 $11 33. Rxd8 {[%emt 0:00:01][%mdl 4096] Endgame Black must now prevent Rf8+. KRB-KRN} Kg6 $2 (33... Re8 $1 $11 34. Rd6+ Re6) 34. Kf2 $18 a4 35. Ke2 axb3 36. axb3 Bb7 37. Rg8+ Kf7 38. Rb8 Rb6 (38... Bc6 $142 39. Nxf5 e3 40. Nxe3 Bxg2) 39. Nxf5 {[%emt 0:00:20][%cal Ob8b7] Hoping for Rxb7+!} Ke6 40. Nxh6 Rxb3 41. Nxg4 Kf5 42. Ne3+ Kxf4 43. g3+ Ke5 44. Rd8 Rb2+ 45. Rd2 Rb1 46. Nd1 (46. h4 $16) 46... Bc8 $2 (46... Rc1 $11 {and Black is okay.}) 47. Rd5+ Kf6 48. Nc3 Bg4+ 49. Kd2 Rb2+ {[%emt 0:00:09] [#]} 50. Kc1 (50. Ke3 $1 $16 Rb3 51. Kf4 (51. Kd2 e3+ 52. Kc2 Rb4 $11) 51... Rxc3 52. Kxg4) 50... Rxh2 $14 51. Nxe4+ Ke7 52. Nxc5 Rg2 53. Rd3 Bf5 54. Rc3 Kd6 55. Nb3 Be4 56. c5+ Kc6 57. Nd4+ Kd5 58. Nb5 {[%emt 0:00:01] c6 is the strong threat.} Kc6 59. Nd6 Bd5 60. Kd1 Ra2 61. Nf5 {[%emt 0:00:05] Strongly threatening Ne7+.} Be4 62. g4 Bxf5 {[%emt 0:00:04] The position is equal.} 63. gxf5 Rf2 64. Ra3 Rxf5 65. Ra6+ Kb5 66. Rd6 Rxc5 {[%emt 0:00:05] Black defended with fortune.  Weighted Error Value: White=0.16 (very precise) /Black=0.27 (precise)} 1/2-1/2

[Event "5th Vera Menchik Memorial 2022"]
[Site "Prag"]
[Date "2022.06.05"]
[Round "7.2"]
[White "Pulpan, Jakub"]
[Black "Neuman, Petr"]
[Result "0-1"]
[ECO "C41"]
[WhiteElo "2418"]
[BlackElo "2389"]
[Annotator "TA"]
[PlyCount "54"]
[EventDate "2022.06.05"]
[EventType "tourn"]
[EventCountry "CZE"]
[SourceTitle "playchess.com"]
[Source "ChessBase"]
[SourceQuality "1"]
[TimeControl "720+3"]

1. e4 d6 2. d4 Nf6 3. Nc3 e5 4. Nf3 Nbd7 5. Bc4 Be7 6. O-O O-O 7. Re1 c6 8. a4 b6 9. d5 cxd5 10. Nxd5 Bb7 11. b3 Rc8 12. Re2 Nc5 {[%emt 0:00:13][%cal Bd7c5,Bc5e6,Be6f4][%mdl 32] C41: Philidor Defence.} 13. Nxf6+ Bxf6 14. Bd5 Bxd5 {[%emt 0:00:47] The position is equal.} 15. Qxd5 Qd7 16. Bb2 Ne6 {[%emt 0:00:21] [#] Hoping for ...Nf4.} 17. g3 $146 {[%emt 0:01:15] [#] Against Nf4} (17. Qd1 $11 {and White is okay.}) ({Predecessor:} 17. Qb5 Rc6 18. g3 {½-½ (18) Sherwood,R-Herzog,K LSS email 2007}) 17... Nf4 $1 $19 18. gxf4 (18. Qd2 Nxe2+) 18... Qg4+ 19. Kf1 {[%emt 0:00:02] Black must now prevent Qd3.} Qxf3 20. Rd2 (20. Ke1 {was worth a try.}) 20... Qxf4 ({Inferior is} 20... exf4 21. e5 Qxd5 22. Rxd5 Bxe5 23. Bxe5 dxe5 24. c4 $17) 21. h3 Qh2 22. Qd3 d5 {[%emt 0:00:10] ...Bg5 is the strong threat.} ({Not} 22... Bg5 $2 23. f4 Qxf4+ 24. Rf2 $19) 23. Qg3 Qh1+ 24. Ke2 Qxe4+ 25. Qe3 $2 (25. Kf1 {was necessary.}) 25... Qf5 {[%emt 0:00:26] Black is clearly winning.} 26. c3 Bg5 27. Qd3 e4 {[%emt 0:00:03] White did not feel at home in the position after the opening.  Weighted Error Value: White=0.80/Black=0.07 (flawless)} 0-1